 Dungeon Crawl Stone Soup version 0.27.1 (webtiles) character file.

Game seed: 14764559621676989916

82 MajorAdolf the Sneak (level 4, 0/42 HPs)
             Began as a Naga Wanderer on Aug 28, 2021.
             Slain by an orc (2 damage)
             ... on level 3 of the Dungeon.
             The game lasted 00:06:39 (2410 turns).

MajorAdolf the Sneak (Naga Wanderer)                Turns: 2410, Time: 00:06:39

Health: 0/42       AC:  2    Str: 16    XL:     4   Next: 43%
Magic:  4/4        EV:  9    Int: 12    God:
Gold:   111        SH:  0    Dex: 10    Spells: 2/3 levels left

rFire    . . .     SeeInvis +   r - +2 dagger (elec)
rCold    . . .     Faith    .   (no shield)
rNeg     . . .     Spirit   .   d - +0 robe
rPois    +         Reflect  .   (no helmet)
rElec    .         Harm     .   (no cloak)
rCorr    .         Rampage  .   (no gloves)
Will     .....                  (no barding)
Stlth    ++........             (no amulet)
HPRegen  0.14/turn              (no ring)
MPRegen  0.09/turn              (no ring)

@: very slow
A: AC +1, large, see invisible, deformed body, poison resistance, slowness 2,
spit poison 1, naga tail 1
a: Spit Poison


You were on level 3 of the Dungeon.
You visited 1 branch of the dungeon, and saw 3 of its levels.

You collected 111 gold pieces.

Inventory:

Hand Weapons
 a - a +2 mace
 e - a +0 dagger
 i - a +0 short sword of protection
 n - a +4 great mace
 r - a +2 dagger of electrocution (weapon)
Armour
 d - a +0 robe (worn)
 q - a +0 helmet
Jewellery
 o - an amulet of regeneration
Scrolls
 b - 2 scrolls of teleportation
 g - a scroll of identify {unknown}
 h - a scroll of fear {unknown}
 k - a scroll of enchant armour {unknown}
 l - a scroll of blinking {unknown}
 m - a scroll of enchant weapon {unknown}
Potions
 c - 2 potions of curing
 f - 2 potions of lignification {unknown}
 j - a potion of attraction {unknown}
 p - a potion of berserk rage {unknown}
 s - a potion of mutation {unknown}


   Skills:
 - Level 3.4 Fighting
 + Level 1.2 Short Blades
 - Level 1.0 Maces & Flails
 - Level 1.5 Armour
 - Level 4.0 Stealth
 + Level 1.9 Conjurations
 + Level 2.0 Fire Magic
 - Level 1.0 Evocations


You had 2 spell levels left.
You knew the following spells:

 Your Spells              Type           Power      Damage    Failure   Level
a - Foxfire               Conj/Fire      16%        2x1d4     16%         1

Your spell library contained the following spells:

 Spells                   Type           Power      Damage    Failure   Level
 Conjure Flame            Conj/Fire      4%         6-21      41%         3
 Inner Flame              Hex/Fire       2%         N/A       54%         3


Dungeon Overview and Level Annotations

Branches:
Dungeon (3/15)

Altars:

Shops:
D:2 (

Annotations:
D:3 exclusion: orc priest


Innate Abilities, Weirdness & Mutations

Your serpentine skin is tough. (AC +1)
You have supernaturally acute eyesight. (SInv)
Armour fits poorly on your strangely shaped body.
Your system is resistant to poisons. (rPois)
You cover ground very slowly.
You can spit poison.
You have a snake-like lower body.


Message History

You barely miss the orc.
The orc is heavily wounded.
The orc hits you with a +0 flail!
Unknown command.
Press: ? - help, Shift-Dir - straight line, f - orc
Aim: an orc, wielding a +0 flail and wearing a +0 scale mail (heavily wounded)
The splash of poison hits the orc.
You kill the orc!
Casting: Foxfire (safe; 16% risk of failure)
Press: ? - help, Q - select action, (/) - cycle Dir - look around, f - activate You conjure some foxfire!
The orc hits you with a +0 whip.
* * * LOW HITPOINT WARNING * * *
You hit the orc.
The orc is lightly wounded.
You have got your breath back.
The orc hits you with a +0 whip.
* * * LOW HITPOINT WARNING * * *
Unknown command.
Your foxfire dissipates!
You hit the orc but do no damage. Lightning courses through the orc!
You kill the orc!
You hit the orc.
The orc is lightly wounded.
The orc closely misses you.
You barely miss the orc.
The orc is lightly wounded.
The orc hits you with a +0 short sword.
* * * LOW HITPOINT WARNING * * *
You hit the orc but do no damage. Lightning courses through the orc!
You kill the orc!
Your Fire Magic skill increases to level 2!
Unknown command.
You hit the orc but do no damage. The orc barely misses you.
You closely miss the orc. The orc hits you with a +0 club.
* * * LOW HITPOINT WARNING * * *
Unknown command.
You barely miss the orc. The orc barely misses you.
You closely miss the orc. The orc hits you with a +0 club.
You die...

###### #....#
#########
##....####.......#
...........>..##.#
##...(####.##.##.#
#..[.# #.##.##@#
#....# #....##o#
###### #######)#
#.........#
#..o......#
#.........#
#.........#
......#.####
#####.#.#


You could see an orc.

Vanquished Creatures
  A white imp (D:3)
  3 worms
  2 dart slugs
  4 orcs (D:3)
  4 ball pythons
  7 endoplasms
  A giant cockroach (D:2)
  5 goblins
  4 hobgoblins (D:1)
  4 quokkas
  3 bats (D:1)
  2 frilled lizards (D:2)
  10 kobolds
  7 rats
57 creatures vanquished.

Vanquished Creatures (others)
  31 foxfires
31 creatures vanquished.

Grand Total: 88 creatures vanquished

Notes
Turn   | Place    | Note
-------+----------+-------------------------------------------
     0 | D:1      | MajorAdolf the Naga Wanderer began the quest for the Orb.
     0 | D:1      | MajorAdolf set off with the following items: a +2 mace, a
                  | scroll of teleportation, a potion of curing, a +0 robe, a
                  | +0 dagger
     0 | D:1      | Reached XP level 1. HP: 21/21 MP: 1/1
   212 | D:1      | Reached XP level 2. HP: 24/28 MP: 2/2
   516 | D:1      | Reached skill level 4 in Stealth
   684 | D:1      | Learned a level 1 spell: Foxfire
   861 | D:1      | Found a faded altar of an unknown god.
   893 | D:1      | Reached XP level 3. HP: 34/34 MP: 0/3
  1270 | D:2      | Reached skill level 1 in Conjurations
  1270 | D:2      | Reached skill level 1 in Fire Magic
  1776 | D:2      | Found Gecixoam's Antique Weapon Shoppe.
  1986 | D:2      | Reached XP level 4. HP: 40/42 MP: 4/4
  2408 | D:3      | HP: 2/42 [orc (2)]
  2410 | D:3      | Slain by an orc

Illustrated notes

Levels and vault maps discovered:
D:1:      saegor_arrival_simple_a, layout_rooms, ebering_ecumenical_altar_rust
D:2:      layout_rooms, serial_shops, nicolae_shop_competitors_out_of_business
D:3:      layout_basic, gammafunk_ghost_grave, minmay_misc_feat_ornament

Skill      XL: |  1  2  3  4 |
---------------+-------------+-----
Stealth        | 4 |  4.0
Conjurations   | 1 |  1.9
Fire Magic     | 1 2 |  2.0
Fighting       | |  3.4
Short Blades   | |  1.2
Maces & Flails | |  1.0
Armour         | |  1.5
Evocations     | |  1.0

Action                   |  1- 3 |  4- 6 || total
-------------------------+-------+-------++-------
Melee: Mace              |    20 |       ||    20
       Great mace        |    30 |     3 ||    33
       Short sword       |     5 |       ||     5
       Dagger            |       |    41 ||    41
 Cast: Foxfire           |    17 |     1 ||    18
 Abil: Spit Poison       |    30 |     1 ||    31
 Stab: Sleeping          |     1 |       ||     1
Armor: Robe              |    17 |     3 ||    20
Dodge: Dodged            |    30 |    21 ||    51
